 Dungeon Crawl Stone Soup version 0.24.1 (webtiles) character file.

Game seed: 15299705847059107383, levelgen mode: deterministic

220 Destapler the Covered (level 5, -1/34 HPs)
             Began as a Gargoyle Fighter on Apr 6, 2020.
             Was an Initiate of Gozag.
             Slain by an adder (3 damage)
             ... in a sewer.
             The game lasted 00:08:59 (2386 turns).

Destapler the Covered (Gargoyle Fighter)            Turns: 2386, Time: 00:08:59

Health: -1/34      AC: 13    Str: 21    XL:     5   Next: 97%
Magic:  5/5        EV:  4    Int:  8    God:    Gozag
Gold:   422        SH:  9    Dex:  9    Spells: 4/4 levels left

rFire    . . .     SeeInvis .   a - +1 flail
rCold    . . .     Gourm    .   c - +0 shield
rNeg     + . .     Faith    .   b - +0 scale mail
rPois    ∞         Spirit   .   (no helmet)
rElec    +         Reflect  .   e - +1 cloak
rCorr    .         Harm     .   (no gloves)
MR       .....                  (no boots)
Stlth    ..........             (no amulet)
HPRegen  0.11/turn              (no ring)
MPRegen  0.09/turn              (no ring)

@: constricted, very slow
A: negative energy resistance 1, electricity resistance, unbreathing,
petrification resistance, rot immunity, AC +4
a: Potion Petition, Call Merchant, Bribe Branch, Renounce Religion


You were in a sewer.
You worshipped Gozag.
Gozag was aware of your devotion.
You were very hungry.

You visited 1 branch of the dungeon, and saw 3 of its levels.
You also visited: Sewer.

You collected 452 gold pieces.
You paid 30 gold pieces to Gozag.

Inventory:

Hand Weapons
 a - a +1 flail (weapon)
Missiles
 g - 4 boomerangs (quivered)
Armour
 b - a +0 scale mail (worn)
 c - a +0 shield (worn)
 e - a +1 cloak (worn)
Jewellery
 i - an uncursed amulet of harm
Scrolls
 j - a scroll of remove curse
 l - a scroll of enchant weapon
 p - 2 scrolls of magic mapping {unknown}
 q - a scroll of fog
 r - a scroll of teleportation {unknown}
Potions
 d - 2 potions of might
 h - 5 potions of curing {unknown}
 m - a potion of heal wounds
 n - 2 potions of flight
 o - 2 potions of agility {unknown}
Comestibles
 f - 5 rations


   Skills:
 + Level 4.5 Fighting
 + Level 3.3 Maces & Flails
 + Level 4.5 Armour
 + Level 4.5 Shields


You had 4 spell levels left.
You didn't know any spells.
Your spell library was empty.

Dungeon Overview and Level Annotations

Branches:
Dungeon (3/15)              Sewer (1/1)

Altars:
Gozag
Kikubaaqudgha
Okawaru
Zin


Innate Abilities, Weirdness & Mutations

You are resistant to torment.
Your stone body is resilient. (AC +4)
You are immune to poison.
You resist negative energy. (rN+)
You are resistant to electric shocks. (rElec)
You can survive without breathing.
You are immune to petrification.
You are immune to rotting.


Message History

You hit the adder.
The adder is heavily wounded.
The ball python barely misses you. The adder barely misses you.
You block the adder's attack. You block the ball python's attack.
The ball python constricts you. The adder bites you but does no damage.
The bullfrog barely misses you. The adder bites you but does no damage.
The ball python barely misses you. You block the adder's attack.
The adder bites you but does no damage. The ball python barely misses you.
The ball python constricts you. The adder bites you but does no damage.
The bullfrog hits you.
* * * LOW HITPOINT WARNING * * *
You closely miss the adder.
The adder is heavily wounded.
The adder bites you but does no damage. You block the bullfrog's attack.
The adder completely misses you. You block the adder's attack.
The ball python bites you.
* * * LOW HITPOINT WARNING * * *
The adder bites you.
You die...
Your body crumbles into a pile of gold.

###################
###..≈≈≈≈≈≈≈≈≈≈≈≈≈≈≈#
##...≈≈≈≈≈≈≈≈..≈#
#....≈≈≈Fl≈≈#≈≈#≈≈≈≈≈≈.
#....≈≈FSS≈≈≈≈≈≈≈≈≈≈≈l.
##....≈≈S@SS≈≈≈≈≈≈≈≈≈≈≈.
#......≈≈SS≈≈≈≈≈≈≈≈≈≈≈..
#....###################
##...#### #....#..#
#....'..# #...#####
##...##
#....####################


You could see 2 bullfrogs, 4 adders, 3 ball pythons and a frilled lizard.

Vanquished Creatures
  Crazy Yiuf (D:2)
  4 adders
  7 river rats (Sewer)
  2 oozes
  3 worms
  2 leopard geckos (D:3)
  An orc (D:3)
  9 ball pythons
  10 bats
  2 giant cockroaches
  3 goblins
  7 hobgoblins
  4 jackals (D:2)
  A quokka (D:2)
  3 frilled lizards
  2 kobolds (D:1)
  24 rats
85 creatures vanquished.

Notes
Turn   | Place    | Note
-------+----------+-------------------------------------------
     0 | D:1      | Destapler the Gargoyle Fighter began the quest for the Orb.
     0 | D:1      | Reached XP level 1. HP: 14/14 MP: 1/1
     2 | D:1      | Noticed a human
     2 | D:1      | Noticed a draconian
     4 | D:1      | Noticed a vine stalker
     6 | D:1      | Noticed a gargoyle
     6 | D:1      | Noticed a troll
     8 | D:1      | Noticed a dwarf
    10 | D:1      | Noticed an elf
    10 | D:1      | Noticed a minotaur
    12 | D:1      | Noticed a tengu
    14 | D:1      | Noticed an ogre
    14 | D:1      | Noticed a demonspawn
    16 | D:1      | Noticed a naga
    18 | D:1      | Noticed a merfolk
    18 | D:1      | Noticed a vampire
    20 | D:1      | Noticed a centaur
    20 | D:1      | Noticed a ghoul
    22 | D:1      | Noticed a demigod
    22 | D:1      | Noticed a felid
    24 | D:1      | Noticed a halfling
    24 | D:1      | Noticed a formicid
    26 | D:1      | Noticed a spriggan
    26 | D:1      | Noticed an octopode
   263 | D:1      | Reached XP level 2. HP: 18/19 MP: 2/2
   893 | D:2      | Reached XP level 3. HP: 23/23 MP: 3/3
  1079 | D:2      | Found an opulent altar of Gozag.
  1080 | D:2      | Found a glowing silver altar of Zin.
  1097 | D:2      | Became a worshipper of Gozag Ym Sagoz the Greedy
  1309 | D:2      | Reached XP level 4. HP: 29/29 MP: 4/4
  1369 | D:2      | Found a runed translucent door.
  1381 | D:2      | Noticed Crazy Yiuf
  1395 | D:2      | Killed Crazy Yiuf
  1504 | D:2      | Found an iron altar of Okawaru.
  1504 | D:2      | Found an ancient bone altar of Kikubaaqudgha.
  1643 | D:3      | Found a glowing drain.
  1672 | Sewer    | Entered a sewer
  1697 | Sewer    | Reached XP level 5. HP: 13/33 MP: 5/5
  2386 | Sewer    | Slain by an adder

Levels and vault maps discovered:
D:1:      kb_arrival_jail, layout_basic
D:2:      layout_loops_cross, grunt_temple_overflow_gold_and_silver,
          gammafunk_temple_overflow_statue, hangedman_decor_riveting,
          uniq_crazy_yiuf_cottage
D:3:      layout_rooms, bloody_trog, cheibrodos_sewer_entry_bend,
          gammafunk_ghost_split
Sewer:    sewer_minmay_w

Skill      XL: |  1  2  3  4 |
---------------+-------------+-----
Fighting       | 4 |  4.5
Armour         | 4 |  4.5
Shields        | 4 |  4.5
Maces & Flails | 3 |  3.3

Action                   |  1- 3 |  4- 6 || total
-------------------------+-------+-------++-------
Melee: Flail             |   111 |   204 ||   315
Throw: Boomerang         |       |    16 ||    16
  Use: Scroll            |       |     6 ||     6
       Potion            |       |     2 ||     2
  Eat: Chunk             |     1 |       ||     1
       Ration            |       |     1 ||     1
Armor: Scale mail        |    54 |   304 ||   358
Dodge: Dodged            |    42 |   137 ||   179
Block: Shield            |    76 |   201 ||   277
